 Dungeon Crawl Stone Soup version 0.26.0-16-gc1dbca0489 (webtiles) character file.

Game seed: 5903028910156062345

347 112233 the Twirler (level 6, -4/43 HPs)
             Began as an Octopode Gladiator on Jan 19, 2021.
             Slain by a phantom (5 damage)
             ... on level 4 of the Dungeon.
             The game lasted 00:02:32 (3164 turns).

112233 the Twirler (Octopode Gladiator)             Turns: 3164, Time: 00:02:32

Health: -4/43      AC:  1    Str: 15    XL:     6   Next: 59%
Magic:  6/6        EV: 15    Int: 10    God:
Gold:   151        SH:  0    Dex: 14    Spells: 5/5 levels left

rFire    . . .     SeeInvis .   a - +0 quarterstaff
rCold    . . .     Faith    .   (shield currently unavailable)
rNeg     . . .     Spirit   .   b - +0 hat
rPois    .         Reflect  .   (no amulet)
rElec    .         Harm     .   (no ring)
rCorr    .         Rampage  .   (no ring)
Will     .....                  (no ring)
Stlth    ++........             (no ring)
HPRegen  0.14/turn              (no ring)
MPRegen  0.10/turn              (no ring)
                                (no ring)
                                (no ring)

@: berserk cooldown
A: almost no armour, stealthy swim, amphibious, 8 rings, constrict 8, camouflage
1, gelatinous body 1
a: no special abilities


You were on level 4 of the Dungeon.
You visited 1 branch of the dungeon, and saw 4 of its levels.

You collected 151 gold pieces.

Inventory:

Hand Weapons
 a - a +0 quarterstaff (weapon)
Missiles
 c - 3 throwing nets (quivered) {!f}
 n - 8 atropa-tipped darts
Armour
 b - a +0 hat (worn)
Scrolls
 d - 2 scrolls of remove curse {unknown}
 f - a scroll of fog {unknown}
 g - a scroll of amnesia {unknown}
 l - a scroll of identify {unknown}
 o - a scroll of teleportation {unknown}
Potions
 e - 2 potions of curing {@q1}
 i - 2 potions of might {unknown}
 j - a potion of haste {unknown}
 k - a potion of flight {unknown}
 m - a potion of lignification {unknown}


   Skills:
 + Level 3.6 Fighting
 * Level 5.5 Staves
 - Level 2.0 Throwing
 + Level 4.3 Dodging


You had 5 spell levels left.
You didn't know any spells.
Your spell library was empty.

Dungeon Overview and Level Annotations

Branches:
Dungeon (4/15)
 Temple: D:4-7

Altars:

Annotations:
D:3 3 runed translucent doors, aloneDruid's ghost, amateur FoFi


Innate Abilities, Weirdness & Mutations

You cannot wear most types of armour.
You are very stealthy in the water. (Stealth+)
You are amphibious.
You can wear up to eight rings at the same time.
You can use your tentacles to constrict eight enemies at once.
Your skin changes colour to match your surroundings (Stealth+).
Your rubbery body absorbs attacks. (AC +1, EV +1)


Message History

You feel sick.
You hit the phantom but do no damage. The phantom hits you!
* * * LOW HITPOINT WARNING * * *
The phantom blinks!
You feel sick.
You are no longer poisoned.
The phantom closely misses you.
You hit the phantom but do no damage. The phantom hits you.
* * * LOW HITPOINT WARNING * * *
You closely miss the phantom. Your squeeze misses the phantom.
The phantom blinks!
You feel yourself speed up.
The phantom blinks!
You hit the phantom but do no damage. The phantom barely misses you.
You barely miss the phantom. The phantom hits you.
* * * LOW HITPOINT WARNING * * *
You miss the phantom. The phantom hits you.
* * * LOW HITPOINT WARNING * * *
You hit the phantom but do no damage. The phantom hits you.
You die...

#.# #.# #.#
##########.#######
......†..........#
......####.#####.#
###.. #.# #.#
...######.#####.##
.###.....@W......<#
#.############.#
#.# #.# #.# #.# #.#
#.#


You could see a phantom.

Vanquished Creatures
  An orc priest (D:3)
  4 orc wizards (D:3)
  A worker ant (D:4)
  6 adders
  3 oozes
  3 worms (D:2)
  A dart slug (D:2)
  4 leopard geckos
  13 orcs (D:3)
  14 bats
  2 giant cockroaches (D:1)
  6 goblins
  8 hobgoblins
  6 jackals (D:1)
  2 quokkas (D:2)
  A ball python (D:2)
  6 frilled lizards
  A jackal skeleton (D:4)
  6 kobolds
  7 rats
95 creatures vanquished.

Vanquished Creatures (others)
  2 fungi (D:3)
  2 plants (D:3)
4 creatures vanquished.

Grand Total: 99 creatures vanquished

Notes
Turn   | Place    | Note
-------+----------+-------------------------------------------
     0 | D:1      | 112233 the Octopode Gladiator began the quest for the Orb.
     0 | D:1      | Reached XP level 1. HP: 14/14 MP: 1/1
   176 | D:1      | Reached XP level 2. HP: 19/19 MP: 2/2
   493 | D:1      | Reached XP level 3. HP: 25/25 MP: 3/3
  1144 | D:2      | Reached skill level 4 in Staves
  1146 | D:2      | Reached XP level 4. HP: 30/30 MP: 4/4
  2274 | D:3      | Found a runed translucent gate.
  2276 | D:3      | Found a runed translucent gate.
  2277 | D:3      | Found a runed translucent gate.
  2277 | D:3      | Noticed a big kobold
  2382 | D:3      | Reached XP level 5. HP: 36/36 MP: 5/5
  2429 | D:3      | Noticed aloneDruid's ghost (amateur FoFi)
  2430 | D:3      | Noticed a big kobold
  2686 | D:3      | Reached skill level 5 in Staves
  2686 | D:3      | Reached XP level 6. HP: 36/42 MP: 6/6
  3125 | D:4      | Noticed a phantom
  3163 | D:4      | HP: 1/43 [phantom (4)]
  3164 | D:4      | Slain by a phantom

Illustrated notes

Levels and vault maps discovered:
D:1:      lemuel_arrival_muddy, layout_loops_ring, amcnicky_mini_pool_small
D:2:      layout_loops_ring
D:3:      layout_loops_cross, nicolae_overflow_crystal_walls, minitemple,
          gammafunk_ghost_nasty_kobolds
D:4:      layout_loops_ring, serial_shops, shop_fountains, shop, shop,
          nicolae_shop_stone, shop, uniq_duvessa

Skill      XL: |  1  2  3  4  5 |
---------------+----------------+-----
Staves         | 4 5 |  5.5
Fighting       | 3 |  3.6
Dodging        | 4 |  4.3
Throwing       | |  2.0

Action                   |  1- 3 |  4- 6 || total
-------------------------+-------+-------++-------
Melee: Quarterstaff      |    64 |   138 ||   202
       Constrict         |    16 |    27 ||    43
       Tentacles         |    13 |    27 ||    40
  Use: Potion            |       |     2 ||     2
 Stab: Sleeping          |     9 |     7 ||    16
Armor: Skin              |     3 |     6 ||     9
Dodge: Dodged            |    41 |    74 ||   115
